 Dungeon Crawl Stone Soup version 0.32-a0-876-gcfddb08e57 (webtiles) character file.

Game seed: 8601281301891537979

1150 smashvw the Magician (level 8, -1/41 HPs)
             Began as a Gargoyle Earth Elementalist on Apr 1, 2024.
             Was an Initiate of Vehumet.
             Slain by an orc warrior
             ... wielding a +0 short sword of protection
              (2 damage)
             ... on level 6 of the Dungeon.
             The game lasted 00:10:52 (4962 turns).

smashvw the Magician (Gargoyle Earth Elementalist)  Turns: 4962, Time: 00:10:53

Health: -1/41      AC: 10    Str: 11    XL:     8   Next: 38%
Magic:  11/16      EV: 11    Int: 19    God:    Vehumet [......]
Gold:   367        SH:  0    Dex: 10    Spells: 10/18 levels left

rFire   + . .        a - +2 whip (venom)
rCold   . . .        (no shield)
rNeg    + . .        p - +2 robe {rF+}
rPois   ∞            (no helmet)
rElec   +            (no cloak)
rCorr   .            w - +0 pair of gloves
SInv    .            (no boots)
Will    .....        d - amulet of the acrobat
Stlth   ++           h - ring of flight
HPRegen 0.26/turn    (no ring)
MPRegen 0.15/turn

%: acrobat
@: flying
A: sickness immunity, AC +5, negative energy resistance 1, electricity
resistance, torment resistance 1, petrification resistance
a: Renounce Religion


You were on level 6 of the Dungeon.
You worshipped Vehumet.
Vehumet was noncommittal.
You visited 2 branches of the dungeon, and saw 7 of its levels.

You collected 367 gold pieces.

Inventory:

Hand Weapons
 a - a +2 whip of venom (weapon)
Armour
 c - a +2 pair of gloves
 p - a +2 robe of fire resistance (worn)
 w - a +0 pair of gloves (worn)
Jewellery
 d - an amulet of the acrobat (around neck)
 h - a ring of flight (left hand)
 n - an amulet of reflection
Wands
 r - a wand of charming (13)
Scrolls
 e - a scroll of revelation {unknown}
 i - a scroll of brand weapon {unknown}
 l - a scroll of amnesia {unknown}
 m - a scroll of fog {unknown}
 o - 4 scrolls of teleportation {unknown}
 q - a scroll of noise {unknown}
 u - 2 scrolls of identify {unknown}
 v - a scroll of vulnerability {unknown}
Potions
 b - 2 potions of magic
 f - 2 potions of degeneration {unknown}
 g - a potion of cancellation
 j - a potion of haste {unknown}
 k - a potion of heal wounds {unknown}
 s - a potion of lignification {unknown}
 t - 2 potions of mutation {unknown}
 x - a potion of attraction {unknown}


   Skills:
 - Level 1.5 Dodging
 - Level 2.1 Stealth
 + Level 5.9 Spellcasting
 - Level 5.0 Conjurations
 - Level 5.0 Earth Magic
 + Level 4.1 Alchemy


You had 10 spell levels left.
You knew the following spells:

 Your Spells              Type           Power      Damage    Failure   Level
a - Sandblast             Erth           48%        2d12      1%          1
b - Stone Arrow           Conj/Erth      48%        3d10      4%          3
c - Petrify               Alch/Erth      22%        N/A       17%         4

Your spell library contained the following spells:

 Spells                   Type           Power      Damage    Failure   Level
 Passwall                 Erth           24%        N/A       4%          3
 Brom's Barrelling Bould  Conj/Erth      24%        2d5       14%         4
 Scorch                   Fire           10%        2d5       17%         2
 Summon Ice Beast         Ice/Summ       5%         N/A       34%         3
 Flame Wave               Conj/Fire      15%        2d7       38%         4
 Alistair's Intoxication  Alch           14%        N/A       50%         5
 Borgnjor's Vile Clutch   Necr/Erth      7%         N/A       75%         5
 Summon Mana Viper        Hex/Summ       5%         N/A       97%         5
 Eringya's Noxious Bog    Alch           10%        4d6       97%         6
 Summon Cactus Giant      Summ           2%         N/A       100%        6
 Monstrous Menagerie      Summ           2%         N/A       100%        7


Dungeon Overview and Level Annotations

Branches:
Dungeon (6/15)             Temple (1/1) D:4

Altars:
Ashenzari
Dithmenos
Elyvilon
Fedhas
Gozag
Hepliaklqana
Kikubaaqudgha
Makhleb
Nemelex Xobeh
Okawaru
Ru
Sif Muna
Uskayaw
Vehumet
Wu Jian
Xom
Yredelemnul

Shops:
D:5 :


Innate Abilities, Weirdness & Mutations

You are immune to sickness and miasma.
Your stone body is resilient. (AC +5)
You are immune to poison.
You resist negative energy. (rN+)
You are resistant to electric shocks. (rElec)
You are resistant to unholy torment.
You are immune to petrification.


Message History

Aim: an orc wizard, wielding a +0 dagger and wearing a +0 robe (79% to hit)
You miscast Sandblast.
You are very lightly contaminated with residual magic.
Nothing appears to happen.
The orc wizard misses you.
Aiming: Sandblast (safe; 1% risk of failure)
Press: ? - help, Q - select action, (/) - cycle Shift-Dir - straight line, f/p - orc wizard
Aim: an orc wizard, wielding a +0 dagger and wearing a +0 robe (79% to hit)
The blast of sand hits the orc wizard!
The orc wizard is heavily wounded.
The orc wizard closely misses you. The orc closely misses you.
Aiming: Sandblast (safe; 1% risk of failure)
Press: ? - help, Q - select action, (/) - cycle Shift-Dir - straight line, f/p - orc wizard
Aim: an orc wizard, wielding a +0 dagger and wearing a +0 robe (heavily wounded, 79% to hit)
The blast of sand hits the orc wizard.
The orc wizard is almost dead.
The orc wizard gestures at you while chanting.
You are confused.
The orc barely misses you.
The orc wizard hits you but does no damage.
You're too confused to cast spells.
Unknown command.
The orc attacks as it pursues you! The orc completely misses you.
You bump into the rock wall.
You bump into the rock wall.
The orc hits you with a +0 flail!
The orc warrior hits you with a +0 short sword of protection!
* * * LOW HITPOINT WARNING * * *
The orc wizard mumbles some strange words.
The orc wizard flickers and vanishes!
Deactivating autopickup; reactivate with Ctrl-A.
Your magical contamination has completely faded away.
You bump into the rock wall.
The orc hits you but does no damage.
The orc warrior hits you with a +0 short sword of protection.
* * * LOW HITPOINT WARNING * * *
It was a potion of cancellation.
Your magical effects are unravelling.
You feel magically purged.
You feel less confused.
The orc warrior hits you with a +0 short sword of protection.
You die...

#.####........... .#.#
#......†#.####### ...
#...###...# ..#
#......#..# ..#
###.......## ##o.##
######.#.#....###
###oo..#
.......#.#......#
#.o.##...#
......##.##.....####O###
... ......##.#
##..o@o{#.# # ......##.#
#.##.#o).#
.........####.##o.##.#
#######..............#
##.#####.#.###...# #..#
#.#.# ##...# #### #.#.#
.#.# #.#>. ##.. #.### ..


You could see an orc warrior and 3 orcs.

Vanquished Creatures
  A water moccasin (D:5)
  An ice beast (D:5)
  An ogre (D:6)
  A phantom (D:5)
  A bullfrog (D:6)
  2 scorpions
  A burial acolyte (D:5)
  2 howler monkeys
  A bombardier beetle (D:5)
  A gnoll bouda (D:5)
  A jelly (D:5)
  An orc priest (D:3)
  A hound (D:5)
  An iguana (D:5)
  3 orc wizards (D:4)
  5 gnolls (D:4)
  3 adders
  4 shadow imps
  3 adder zombies (D:5)
  A dart slug (D:1)
  2 ribbon worms
  14 orcs
  10 ball pythons
  5 endoplasms
  3 giant cockroaches
  2 gnoll zombies (D:5)
  6 hobgoblins
  7 jackals
  A quokka (D:4)
  6 bats
  3 frilled lizards
  13 goblins
  6 kobolds
  2 kobold zombies (D:5)
  4 rats
119 creatures vanquished.

Notes
Turn   | Place    | Note
-------+----------+-------------------------------------------
     0 | D:1      | smashvw the Gargoyle Earth Elementalist began the quest for
                  | the Orb.
     0 | D:1      | Reached XP level 1. HP: 10/10 MP: 3/3
   163 | D:1      | Reached XP level 2. HP: 15/15 MP: 3/5
   792 | D:2      | Reached XP level 3. HP: 19/19 MP: 3/6
  1538 | D:3      | You are sucked into a shaft and drop 2 floors!
  1538 | D:5      | Entered Level 5 of the Dungeon
  1630 | D:3      | Reached XP level 4. HP: 24/24 MP: 5/8
  2337 | D:3      | Reached XP level 5. HP: 28/28 MP: 5/9
  2620 | D:4      | Found a staircase to the Ecumenical Temple.
  2631 | Temple   | Entered the Ecumenical Temple
  2671 | D:4      | Reached skill level 5 in Earth Magic
  3068 | D:4      | Learned a level 3 spell: Stone Arrow
  3073 | D:4      | Learned a level 4 spell: Petrify
  3123 | D:4      | Reached XP level 6. HP: 30/32 MP: 5/11
  3362 | D:5      | Noticed a water moccasin
  3368 | D:5      | Killed a water moccasin
  3369 | D:5      | Reached skill level 1 in Alchemy
  3472 | D:5      | Found Pedeaxzue's Self-Improvement Boutique.
  3494 | D:5      | Found an ancient bone altar of Kikubaaqudgha.
  3627 | D:5      | Reached XP level 7. HP: 36/36 MP: 10/13
  4065 | D:5      | Reached skill level 5 in Conjurations
  4148 | D:5      | Reached skill level 5 in Spellcasting
  4231 | D:5      | Reached XP level 8. HP: 25/41 MP: 7/16
  4821 | D:6      | Found a radiant altar of Vehumet.
  4831 | D:6      | Became a worshipper of Vehumet
  4867 | D:6      | Found a hide-covered altar of Uskayaw.
  4867 | D:6      | Found an opulent altar of Gozag.
  4961 | D:6      | HP: 1/41 [orc warrior/+0 short sword of protection (5)]
  4962 | D:6      | Slain by an orc warrior

Illustrated notes

Levels and vault maps discovered:
D:1:      minmay_arrival_statue_studded, layout_basic
D:2:      layout_rooms
D:3:      layout_loops_ring, grunt_ministairs_10
D:4:      layout_cave_pools, minmay_temple_entry_mist
D:5:      layout_loops_cross, regret_index_kikubaaqudgha_part_by_part,
          nicolae_shop_self_help
D:6:      layout_rooms, zin_academy, gammafunk_temple_overflow_wave,
          mainiacjoe_overflow_small_starburst, serial_curves, eino_curves_02,
          eino_curves_04
Temple:   nicolae_temple_figure_eight

Skill      XL: |  1  2  3  4  5  6  7  8 |
---------------+-------------------------+-----
Earth Magic    | 4 5 |  5.0
Conjurations   | 2 3 4 5 |  5.0
Spellcasting   | 3 4 5 |  5.9
Alchemy        | 1 3 4 |  4.1
Dodging        | |  1.5
Stealth        | |  2.1

Action                     |  1- 3 |  4- 6 |  7- 9 || total
---------------------------+-------+-------+-------++-------
  Melee: Unarmed           |     1 |       |       ||     1
         Whip              |       |    14 |       ||    14
   Cast: Sandblast         |    52 |    81 |    82 ||   215
         Stone Arrow       |       |     1 |       ||     1
         Petrify           |       |       |     3 ||     3
    Use: Potion            |       |       |     1 ||     1
 Armour: Robe              |     7 |    43 |    58 ||   108
  Dodge: Dodged            |     3 |    23 |    57 ||    83

Table legend: (Time is in decaauts)
 A = Elapsed time spent in this place.
 B = Non-inter-level travel time spent in this place.
 C = Inter-level travel time spent in this place.
 D = Time resting spent in this place.
 E = Time spent auto-exploring this place.
 F = Levels seen in this place.
 G = Mean time per level.
                   A        B        C        D        E       F      G
               +--------+--------+--------+--------+--------+-----+--------+
         Total |   5075 |   4902 |    173 |    237 |   3885 |   7 |  725.0 |
       Dungeon |   5073 |   4900 |    173 |    237 |   3885 |   6 |  845.5 |
        Temple |      1 |      1 |      0 |      0 |      0 |   1 |    1.0 |
               +--------+--------+--------+--------+--------+-----+--------+

Top non-repeatable levels by time:
     D:5: 1229 daAuts
     D:4: 1040 daAuts
     D:3: 1032 daAuts
     D:1: 799 daAuts
     D:2: 741 daAuts
     D:6: 230 daAuts
  Temple: 1 daAuts
